 Dungeon Crawl Stone Soup version 0.16-a0-3153-gc6d0c83 (webtiles) character file.

18284 Leibowitz the Nimble (level 12, -4/101 HPs)
             Began as a Merfolk Gladiator on Dec 7, 2014.
             Was a Plaything of Xom.
             Slain by a manticore (10 damage)
             ... on level 12 of the Dungeon on Dec 15, 2014.
             The game lasted 01:25:02 (12229 turns).

Leibowitz the Nimble (Merfolk Gladiator)           Turns: 12229, Time: 01:25:04

Health: -4/101     AC: 11    Str: 21      XL:     12   Next: 56%
Magic:  18/18      EV: 22    Int:  8      God:    Xom [*.....]
Gold:   679        SH:  0    Dex: 17 (18) Spells: 0 memorised, 11 levels left

rFire  + . .     SeeInvis .     a - +1 trident
rCold  . . .     Rnd*Rage +     H - +3 leather armour {rF+}
rNeg   . . .     SustAb   .     (no shield)
rPois  .         Gourm    .     c - +1 helmet
rElec  .         Spirit   .     G - +1 cloak
rCorr  .         Warding  .     (no gloves)
rMut   .         Stasis   .     (no boots)
MR     .....                    (no amulet)
Stlth  +++.......               w - +3 ring of strength
                                l - +2 ring of evasion

@: exhausted, manticore barbs, slowed, heavily drained, very slow, not resistant
to hostile enchantments, fairly stealthy
A: change form in water, swift swim, claws 1, berserk 1, shaggy fur 1, strong 1,
evolution 1
a: Renounce Religion


You were on level 12 of the Dungeon.
You worshipped Xom.
You were a special plaything of Xom.
You were not hungry.

You visited 2 branches of the dungeon, and saw 13 of its levels.

You collected 679 gold pieces.

Inventory:

Hand weapons
 a - a +1 trident (weapon)
 b - a +2 rapier of venom
 M - a cursed +0 blowgun
Missiles
 d - 3 throwing nets
 k - 33 poisoned needles
 n - 4 javelins (quivered)
 F - 7 curare-tipped needles
Armour
 c - a +1 helmet (worn)
 G - a +1 cloak (worn)
 H - a +3 leather armour of fire resistance (worn)
Jewellery
 h - an uncursed ring of protection from cold
 l - a +2 ring of evasion (left claw)
 s - an uncursed ring of protection from cold
 w - a +3 ring of strength (right claw)
 P - an uncursed ring of flight
 S - an uncursed ring of protection from cold
Magical devices
 o - a wand of digging (8)
 r - a wand of frost (29)
 v - a wand of frost (27)
 x - a wand of digging (15)
 y - a wand of paralysis (6)
 B - a wand of random effects (22)
 I - a wand of random effects (26)
 O - a wand of frost (30)
 R - a wand of enslavement (12)
 T - a wand of lightning (7)
 U - a wand of polymorph (13)
Scrolls
 e - 3 scrolls of recharging
 i - 3 scrolls of enchant armour
 p - 3 scrolls of remove curse
 t - a scroll of teleportation
 u - 6 scrolls of identify
 z - 2 scrolls of amnesia
Potions
 g - 5 potions of restore abilities
 j - a potion of cancellation {unknown}
 q - 6 potions of curing
 D - 2 potions of brilliance
 E - a potion of haste
 L - a potion of resistance
 N - a potion of agility
Comestibles
 f - 5 bread rations
 m - 3 meat rations
 A - 5 beef jerkies
 C - 3 slices of pizza
 J - 3 fruits
 K - 4 chunks of flesh
 Q - 7 royal jellies


   Skills:
 * Level 11.6(8.9) Fighting
 + Level 14.0(11.1) Polearms
 + Level 4.6(2.3) Throwing
 + Level 3.8(1.5) Armour
 + Level 14.4(11.4) Dodging
 + Level 6.5(4.0) Stealth
 + Level 3.7(1.5) Evocations


You had 11 spell levels left.
You didn't know any spells.

Dungeon Overview and Level Annotations

Branches:
Dungeon (12/15)            Temple (1/1) D:7            Lair (0/8) D:8
    Orc (0/4) D:9

Altars:
Ashenzari
Cheibriados
Dithmenos
Elyvilon
Fedhas
Gozag
Kikubaaqudgha
Makhleb
Nemelex Xobeh
Okawaru
Qazlal
Ru
Sif Muna
Trog
Vehumet
Xom
Yredelemnul
Zin
The Shining One

Shops:
D:5 (


Innate Abilities, Weirdness & Mutations

You revert to your normal form in water.
You are very nimble and swift while swimming.
You have sharp fingernails.
You tend to lose your temper in combat.
You are covered in fur (AC +1).
Your muscles are strong. (Str +2)
You evolve.


Message History

The manticore claws you.
* * * LOW HITPOINT WARNING * * *
The manticore claws you but does no damage.
Drink which item? (? for menu, Esc to quit)
You feel better. The manticore completely misses you.
The manticore barely misses you. The manticore claws you!
* * * LOW HITPOINT WARNING * * *
The manticore closely misses you. x2
The manticore claws you but does no damage.
Drink which item? (? for menu, Esc to quit)
You feel better. The manticore completely misses you. The manticore misses you.
The manticore claws you but does no damage.
You hit the manticore but do no damage.
The manticore is heavily wounded.
The manticore bites you!!
* * * LOW HITPOINT WARNING * * *
The manticore barely misses you. The manticore closely misses you.
The manticore bites you!
You die...
Xom is highly amused!

. ......# #. .....#
.. . #...# #. .#
##+## #. .# ##...##
#.##.# #.....####
..#.# ##.........
#H#.####........##
#.###@#.#.........#.#
#....)..#.##.#...##.#
####.#.##.##........#
#...)..###########
########


You could see a manticore.

Vanquished Creatures
  Erolcha (D:11)
  The ghost of Chonchonts the Fighter, an experienced MiFi of Okawaru (D:6)
  An unseen horror (D:10)
  A hill giant (D:11)
  Pikel (D:5)
  An ugly thing (D:9)
  A hellwing (D:10)
  A blue devil (D:10)
  Sonja (D:11)
  The ghost of Restia the Firebug, an average DEFE of Vehumet (D:4)
  5 yaks (D:9)
  A shadow (D:12)
  Eustachio (D:8)
  A deep elf mage (D:10)
  2 hungry ghosts
  A wolf (D:12)
  2 hippogriffs
  2 wargs (D:8)
  A soldier ant (D:9)
  A water moccasin (D:7)
  3 sky beasts
  A necrophage (D:6)
  A spider (D:9)
  8 orc warriors
  2 ice beasts
  4 ogres
  A yellow wasp (D:9)
  A phantom (D:4)
  2 black bears
  A crocodile (D:11)
  5 centaurs
  Sigmund (D:3)
  Duvessa (D:7)
  9 giant frogs
  2 big kobolds
  5 scorpions
  10 wights
  10 killer bees
  An electric eel (D:9)
  A giant frog zombie (D:6)
  2 goliath beetles
  7 hounds
  Dowan (D:7)
  4 crimson imps
  10 orc priests
  3 centaur zombies
  18 orc wizards
  3 quasits
  Crazy Yiuf (D:5)
  2 centaur skeletons
  A giant frog skeleton (D:11)
  An iguana (D:10)
  2 jellies
  8 worker ants
  A killer bee zombie (D:5)
  A hound zombie (D:5)
  4 hound skeletons
  A worker ant zombie (D:8)
  12 adders
  6 gnolls
  A white imp (D:10)
  2 giant mites
  2 shadow imps
  7 worms
  An adder zombie (D:5)
  An adder skeleton (D:5)
  6 giant geckos
  An ooze (D:1)
  90 orcs
  A ball python (D:2)
  A bat skeleton (D:4)
  A bat zombie (D:7)
  8 giant cockroaches
  22 hobgoblins
  5 quokkas
  14 bats
  A giant cockroach zombie (D:5)
  A giant gecko skeleton (D:6)
  A giant gecko zombie (D:5)
  A giant newt (D:1)
  2 gnoll zombies (D:5)
  15 goblins
  20 kobolds
  14 rats
402 creatures vanquished.

Vanquished Creatures (collateral kills)
  A hill giant (D:10)
1 creature vanquished.

Vanquished Creatures (others)
  A giant spore (D:6)
1 creature vanquished.

Grand Total: 404 creatures vanquished

Notes
Turn   | Place    | Note
--------------------------------------------------------------
     0 | D:1      | Leibowitz, the Merfolk Gladiator, began the quest for the Orb.
     0 | D:1      | Reached XP level 1. HP: 16/16 MP: 1/1
   159 | D:1      | Reached XP level 2. HP: 10/23 MP: 2/2
   824 | D:2      | Reached XP level 3. HP: 12/28 MP: 3/3
  1126 | D:2      | Gained mutation: You tend to lose your temper in combat. [potion of mutation]
  1126 | D:2      | Gained mutation: Your muscles are strong. (Str +2) [potion of mutation]
  1126 | D:2      | Gained mutation: You evolve. [potion of mutation]
  1163 | D:2      | Reached skill level 5 in Dodging
  1165 | D:2      | Reached skill level 5 in Polearms
  1165 | D:2      | Reached XP level 4. HP: 34/34 MP: 4/4
  1534 | D:3      | Found an ancient bone altar of Kikubaaqudgha.
  1583 | D:3      | Found an opulent altar of Gozag.
  1618 | D:3      | Noticed Sigmund
  1632 | D:3      | Killed Sigmund
  1632 | D:3      | Reached skill level 1 in Armour
  1632 | D:3      | Reached XP level 5. HP: 39/41 MP: 5/5
  1637 | D:3      | Reached skill level 6 in Polearms
  1945 | D:3      | Reached XP level 6. HP: 30/47 MP: 6/6
  2002 | D:3      | Reached skill level 1 in Stealth
  2430 | D:4      | Noticed Restia's ghost (average DEFE)
  2460 | D:4      | Killed Restia's ghost
  2460 | D:4      | Reached skill level 7 in Dodging
  2460 | D:4      | Reached XP level 7. HP: 50/54 MP: 7/7
  3181 | D:4      | Found a shimmering altar of Xom.
  3325 | D:4      | Reached skill level 8 in Dodging
  3572 | D:4      | Reached XP level 8. HP: 57/61 MP: 8/8
  3613 | D:5      | Entered Level 5 of the Dungeon
  3642 | D:5      | Upgraded the game from 0.16-a0-3003-ga5c7ff4 to 0.16-a0-3134-g9b1347a
  3892 | D:5      | Reached skill level 5 in Fighting
  3892 | D:5      | Reached skill level 9 in Dodging
  3990 | D:5      | Found a basalt altar of Yredelemnul.
  3994 | D:5      | Found a blossoming altar of Fedhas.
  3997 | D:5      | Found a bloodstained altar of Trog.
  3998 | D:5      | Found a burning altar of Makhleb.
  3999 | D:5      | Found a shattered altar of Ashenzari.
  4004 | D:5      | Found a white marble altar of Elyvilon.
  4185 | D:5      | Found Khainiun's Antique Weapon Emporium.
  4254 | D:5      | Noticed Crazy Yiuf
  4258 | D:5      | Killed Crazy Yiuf
  4309 | D:5      | Noticed Pikel
  4355 | D:5      | Killed Pikel
  4355 | D:5      | Reached skill level 10 in Dodging
  4355 | D:5      | Reached XP level 9. HP: 17/69 MP: 9/9
  4914 | D:6      | Noticed Chonchonts' ghost (experienced MiFi)
  5031 | D:6      | Killed Chonchonts' ghost
  5031 | D:6      | Reached skill level 10 in Polearms
  5432 | D:6      | Reached skill level 11 in Dodging
  6159 | D:7      | Gained mutation: Your muscles are very strong. (Str +4) [evolution]
  6267 | D:7      | Noticed Duvessa
  6303 | D:7      | Killed Duvessa
  6303 | D:7      | Reached XP level 10. HP: 73/79 MP: 10/10
  6333 | D:7      | Noticed Dowan
  6748 | D:7      | Killed Dowan
  6989 | D:7      | Found a staircase to the Ecumenical Temple.
  7012 | Temple   | Entered the Ecumenical Temple
  7171 | Temple   | Became a worshipper of Xom of Swiftly Tilting Intent
  7203 | D:7      | XOM: potion effect (curing)
  7235 | D:7      | XOM: potion effect (brilliance)
  7239 | D:7      | Reached skill level 12 in Dodging
  7498 | D:7      | XOM: potion effect (might)
  7560 | D:8      | Noticed Eustachio
  7573 | D:8      | Killed Eustachio
  7620 | D:8      | XOM: divination: magic mapping
  7632 | D:8      | XOM: harmless Erth miscast
  7637 | D:8      | XOM: harmless Fire miscast
  7774 | D:8      | XOM: silly message
  7838 | D:8      | XOM: potion effect (curing)
  7839 | D:8      | XOM: harmless Fire miscast
  7868 | D:8      | XOM: harmless Chrm miscast
  7885 | D:8      | Found a staircase to the Lair.
  7890 | D:8      | XOM: harmless Hex miscast
  7903 | D:8      | XOM: harmless Ice miscast
  7907 | D:8      | XOM: silly message
  7934 | D:8      | XOM: potion effect (experience)
  7934 | D:8      | Reached skill level 5 in Stealth
  7934 | D:8      | Reached XP level 11. HP: 75/90 MP: 11/17
  7945 | D:8      | XOM: silly message
  7957 | D:8      | Reached skill level 10 in Fighting
  8009 | D:8      | XOM: potion effect (berserk rage)
  8165 | D:8      | XOM: harmless Erth miscast
  8308 | D:9      | XOM: harmless Divn miscast
  8325 | D:9      | Reached skill level 13 in Dodging
  8347 | D:9      | XOM: harmless Trmt miscast
  8784 | D:9      | Found a staircase to the Orcish Mines.
  8825 | D:9      | XOM: potion effect (haste)
  9236 | D:9      | XOM: harmless Tloc miscast
  9299 | D:9      | Gained mutation: You are covered in fur (AC +1). [potion of beneficial mutation]
  9446 | D:9      | XOM: divination: detect creatures
  9597 | D:10     | Entered Level 10 of the Dungeon
  9602 | D:10     | XOM: medium Erth miscast
  9638 | D:9      | Reached XP level 12. HP: 100/100 MP: 18/18
  9770 | D:10     | Upgraded the game from 0.16-a0-3134-g9b1347a to 0.16-a0-3153-gc6d0c83
  9891 | D:10     | XOM: confuse monster(s)
  9898 | D:10     | XOM: scenery: create altars
 10103 | D:10     | XOM: silly message
 10142 | D:10     | Killed an unseen horror
 10178 | D:10     | XOM: summons 3 hostile demons
 10192 | D:10     | XOM: smoke on damage
 10288 | D:10     | XOM: noise
 10293 | D:10     | Noticed a hill giant
 10303 | D:10     | XOM: summons 4 hostile demons
 10314 | D:10     | XOM: mild Hex miscast
 10680 | D:10     | XOM: give mutation
 10680 | D:10     | Lost mutation: Your muscles are very strong. (Str +4) [Xom's mischief]
 10843 | D:10     | Killed a hill giant
 10896 | D:10     | XOM: swap weapons
 11097 | D:11     | Noticed Erolcha
 11102 | D:11     | XOM: harmless Summ miscast
 11106 | D:11     | XOM: enchant monster (bad)
 11125 | D:11     | Killed Erolcha
 11125 | D:11     | Reached skill level 14 in Dodging
 11579 | D:11     | XOM: potion effect (brilliance)
 11617 | D:11     | Gained mutation: You have sharp fingernails. [evolution]
 11792 | D:11     | Noticed Sonja
 11810 | D:11     | Killed Sonja
 12014 | D:12     | XOM: polymorph killer bee -> wolf
 12115 | D:12     | XOM: noise
 12229 | D:12     | Slain by a manticore

Action                   |  1- 3 |  4- 6 |  7- 9 | 10-12 || total
-------------------------+-------+-------+-------+-------++-------
Melee: Trident           |   124 |   205 |   497 |  1022 ||  1848
       Rapier            |       |     5 |     5 |    15 ||    25
       Battleaxe         |       |       |       |     9 ||     9
Throw: Javelin           |     1 |     4 |    13 |    13 ||    31
Evoke: Wand              |       |       |       |    16 ||    16
  Use: Potion            |     4 |     7 |     5 |     6 ||    22
       Scroll            |       |     8 |     3 |     6 ||    17
 Stab: Sleeping          |       |     3 |     3 |    19 ||    25
       Distracted        |       |       |     2 |     2 ||     4
       Confused          |       |       |       |     2 ||     2
       Fleeing           |       |       |       |     1 ||     1
       Paralysed         |       |       |       |     1 ||     1
  Eat: Chunk             |     1 |     6 |    15 |    27 ||    49
       Royal jelly       |       |       |       |     2 ||     2
